 Dungeon Crawl Stone Soup version 0.23-a0-642-g3120c2f (console) character file.

32 Duffy the Firebug (level 3, 24/24 HPs)
             Began as a Demonspawn Fire Elementalist on Dec 30, 2018.
             Quit the game on level 2 of the Dungeon.
             The game lasted 00:01:19 (1559 turns).

Duffy the Firebug (Demonspawn Fire Elementalist)    Turns: 1559, Time: 00:01:20

Health: 24/24      AC:  2    Str:  8    XL:     3   Next: 8%
Magic:  2/6        EV: 12    Int: 17    God:
Gold:   12         SH:  0    Dex: 13    Spells: 6/7 levels left

rFire    + . .     SeeInvis .   j - +1 dagger (drain)
rCold    . . .     Gourm    .   (no shield)
rNeg     . . .     Faith    .   a - +0 robe
rPois    .         Spirit   .   (no helmet)
rElec    .         Reflect  .   (no cloak)
rCorr    .         Harm     .   (no gloves)
MR       .....                  (no boots)
Stlth    +++.......             (no amulet)
HPRegen  0.08/turn              b - ring of protection from fire
MPRegen  0.10/turn              e - +2 ring of slaying

@: no status effects
A: nightstalker 1, powered by pain 1
a: no special abilities


You were on level 2 of the Dungeon.
You were not hungry.

You visited 1 branch of the dungeon, and saw 2 of its levels.

You collected 12 gold pieces.

Inventory:

Hand Weapons
 j - a +1 dagger of draining (weapon)
Armour
 a - a +0 robe (worn)
 g - a +0 buckler
 i - a +0 buckler
Jewellery
 b - a ring of protection from fire (left hand)
 e - a +2 ring of slaying (right hand)
Scrolls
 f - a scroll of identify {unknown}
 h - a scroll of magic mapping {unknown}
Comestibles
 c - a ration
 d - 2 chunks of flesh


   Skills:
 - Level 1.7 Dodging
 - Level 1.7 Stealth
 + Level 2.5 Spellcasting
 + Level 1.9 Conjurations
 + Level 3.1 Fire Magic


You had 6 spell levels left.
You knew the following spells:

 Your Spells              Type           Power        Failure   Level  Hunger
h - Flame Tongue          Conj/Fire      ##...        7%          1    #......

Your spell library contained the following spells:

 Spells                   Type           Power        Failure   Level  Hunger
 Throw Flame              Conj/Fire      ##....       10%         2    ##.....
 Conjure Flame            Conj/Fire      ##......     21%         3    ###....
 Inner Flame              Hex/Fire       #.......     28%         3    ###....
 Sticky Flame             Conj/Fire      ##......     54%         4    #####..
 Fireball                 Conj/Fire      ##........   88%         5    ######.


Dungeon Overview and Level Annotations

Branches:
Dungeon (2/15)

Altars:


Innate Abilities, Weirdness & Mutations

You are slightly more attuned to the shadows.
You sometimes gain a little power by taking damage.


Message History

Confirm with . or Enter, or press ? or * to list all spells.
Aiming: Flame Tongue (safe; 7% risk of failure)
Press: ? - help, Shift-Dir - straight line, f/p - ooze
Aim: an ooze (moderately wounded)
The flame tongue hits the ooze.
The ooze is heavily wounded.
The ooze hits you but does no damage.
Casting: Flame Tongue (safe; 7% risk of failure)
Confirm with . or Enter, or press ? or * to list all spells.
Aiming: Flame Tongue (safe; 7% risk of failure)
Press: ? - help, Shift-Dir - straight line, f/p - ooze
Aim: an ooze (heavily wounded)
The flame tongue hits the ooze.
You kill the ooze!
You have reached level 3!
Your experience leads to an increase in your attributes!
Increase (S)trength, (I)ntelligence, or (D)exterity?
You feel clever.
Your demonic ancestry asserts itself...
You feel energised by your suffering.
Are you sure you want to abandon this character and quit the game? (Confirm

.###.....#######
...............
##.....########
#####.........
#......#######
#.####.########
#........#
#####.######.#
#.##.@...#
#.##.#####
#.##.# #.##.#
#.##.#
..###.##.#
..........#
..(###.#### .
###


There were no monsters in sight!

Vanquished Creatures
  An ooze (D:2)
  3 dart slugs (D:1)
  2 bats
  A giant cockroach (D:1)
  3 goblins
  2 hobgoblins (D:1)
  2 frilled lizards
  4 kobolds
  3 rats
21 creatures vanquished.

Notes
Turn   | Place    | Note
-------+----------+-------------------------------------------
     0 | D:1      | Duffy the Demonspawn Fire Elementalist began the quest for
                  | the Orb.
     0 | D:1      | Reached XP level 1. HP: 13/13 MP: 3/3
   520 | D:1      | Gained mutation: You are slightly more attuned to the
                  | shadows. [demonic ancestry]
   520 | D:1      | Reached XP level 2. HP: 19/19 MP: 0/5
   954 | D:1      | Reached skill level 3 in Fire Magic
  1558 | D:2      | Gained mutation: You sometimes gain a little power by
                  | taking damage. [demonic ancestry]
  1558 | D:2      | Reached XP level 3. HP: 24/24 MP: 2/6
  1559 | D:2      | Quit the game

Vault maps used:
D:1:      dpeg_arrival_another_circle, minmay_pentomino_r2
D:2:      nicolae_qazlal_eye_of_the_storm, nicolae_overflow_hidden_temple,
          led_sif_pool, first_ration, uniq_crazy_yiuf_cottage

Skill      XL: |  1  2 |
---------------+-------+-----
Fire Magic     | 3 |  3.1
Dodging        | |  1.7
Stealth        | |  1.7
Spellcasting   | |  2.5
Conjurations   | |  1.9

Action                   || total
-------------------------++-------
Melee: Unarmed           ||    28
 Cast: Flame Tongue      ||    41
  Eat: Chunk             ||     2
Armor: Robe              ||     7
Dodge: Dodged            ||    34

Table legend:
 A = Non-vault XP
 B = Vault XP
 C = Vault XP percentage of total XP
 D = Non-vault monster count
 E = Vault monster count
 F = Vault count percentage of total count
                 A         B        C        D         E       F
            +---------+---------+-------+---------+---------+-------
      Total |      44 |       2 |   4.3 |      19 |       2 |   9.5
            +---------+---------+-------+---------+---------+-------
        D:1 |      28 |       2 |   6.7 |      12 |       2 |  14.3
        D:2 |      16 |       0 |   0.0 |       7 |       0 |   0.0
            +---------+---------+-------+---------+---------+-------
